 Dungeon Crawl Stone Soup version 0.26-a0-952-g76694b35de (webtiles) character file.

Game seed: 10796249039979029963

19 sokol815 the Sneak (level 2, -2/15 HPs)
             Began as a Kobold Enchanter on Nov 30, 2020.
             Slain by a worm (10 damage)
             ... on level 1 of the Dungeon.
             The game lasted 00:02:42 (973 turns).

sokol815 the Sneak (Kobold Enchanter)                Turns: 973, Time: 00:02:43

Health: -2/15      AC:  3    Str:  5    XL:     2   Next: 95%
Magic:  0/5        EV: 14    Int: 16    God:
Gold:   49         SH:  4    Dex: 15    Spells: 4/5 levels left

rFire    . . .     SeeInvis .   a - +1 dagger
rCold    . . .     Faith    .   h - +0 buckler
rNeg     . . .     Spirit   +   b - +0 robe
rPois    .         Reflect  .   n - +0 helmet
rElec    .         Harm     .   (no cloak)
rCorr    .         Rampage  .   (no gloves)
MR       .....                  (no boots)
Stlth    ++++......             k - amulet of guardian spirit
HPRegen  0.05/turn              (no ring)
MPRegen  0.09/turn              (no ring)

@: no status effects
A: small, nightstalker 3
a: no special abilities


You were on level 1 of the Dungeon.
You visited 1 branch of the dungeon, and saw 2 of its levels.

You collected 49 gold pieces.

Inventory:

Hand Weapons
 a - a +1 dagger (weapon)
 q - a cursed +0 spear
Missiles
 c - 36 stones
 d - 17 arrows
 o - 7 atropa-tipped darts
 p - 18 sling bullets
Armour
 b - a +0 robe (worn)
 h - a +0 buckler (worn)
 n - a +0 helmet (worn)
Jewellery
 f - an uncursed amulet of faith
 k - an amulet of guardian spirit (around neck)
Scrolls
 g - 2 scrolls of teleportation {unknown}
 i - a scroll of fog {unknown}
 l - a scroll of random uselessness {unknown}
Potions
 e - a potion of brilliance {unknown}
 j - a potion of might {unknown}
 m - a potion of flight {unknown}


   Skills:
 * Level 2.7 Short Blades
 - Level 2.4 Dodging
 + Level 4.4 Stealth
 + Level 0.5 Shields
 - Level 2.1 Spellcasting
 - Level 3.0 Hexes


You had 4 spell levels left.
You knew the following spells:

 Your Spells              Type           Power        Failure   Level
a - Corona                Hex            ##.....      10%         1

Your spell library contained the following spells:

 Spells                   Type           Power        Failure   Level
 Ensorcelled Hibernation  Hex/Ice        #.....       26%         2
 Confusing Touch          Hex            ##......     28%         3
 Tukima's Dance           Hex            ##......     28%         3
 Dazzling Flash           Conj/Hex       #.....       45%         3


Dungeon Overview and Level Annotations

Branches:
Dungeon (2/15)

Altars:
Xom


Innate Abilities, Weirdness & Mutations

You are small and have problems with some larger weapons.
You are completely attuned to the shadows.


Message History

You miss the goblin.
The goblin is severely wounded.
The goblin hits you with a +0 club.
You hit the goblin.
You kill the goblin!
Found 19 gold pieces.
There is a stone staircase leading up here.
You climb upwards.
There is a stone staircase leading down here.
You start resting.
Magic restored.
You start resting.
HP restored.
You climb downwards.
The worm bites you!
There is a stone staircase leading up, spattered with blood here.
You climb upwards.
There is a stone staircase leading down here.
The worm bites you!
Ouch! That really hurt!
You die...

#.###. #.# #.
##########.# #.
#..........# #.
#.#######..# #.
#.#######..###.
####..........#...
#>w...............
#@###.######......
#.# #.#.........##
#.###.#.##########
#...#.............
#...'.............
#...#..........###
#...#.##.#####.#
#...#.##.# #.#
#...#.##.# #.#


You could see a worm.

Vanquished Creatures
  A dart slug (D:1)
  A leopard gecko (D:1)
  A giant cockroach (D:1)
  4 goblins
  A hobgoblin (D:2)
  3 kobolds (D:2)
  A bat (D:2)
  4 rats
16 creatures vanquished.

Notes
Turn   | Place    | Note
-------+----------+-------------------------------------------
     0 | D:1      | sokol815 the Kobold Enchanter began the quest for the Orb.
     0 | D:1      | Reached XP level 1. HP: 10/10 MP: 3/3
   118 | D:1      | Found a shimmering altar of Xom.
   227 | D:1      | Reached XP level 2. HP: 15/15 MP: 5/5
   973 | D:1      | Slain by a worm

Illustrated notes

Levels and vault maps discovered:
D:1:      ncdulo_smallfort, layout_basic, xom_teletrap_fun
D:2:      layout_loops_ring, minitemple

Skill      XL: |  1 |
---------------+----+-----
Short Blades   | 2 |  2.7
Dodging        | |  2.4
Stealth        | |  4.4
Shields        | |  0.5
Spellcasting   | |  2.1
Hexes          | |  3.0

Action                   || total
-------------------------++-------
Melee: Dagger            ||    55
 Cast: Corona            ||     2
 Stab: Sleeping          ||     6
Armor: Robe              ||     5
Dodge: Dodged            ||    25
Block: Buckler           ||     9

Table legend: (Time is in decaauts)
 A = Elapsed time spent in this place.
 B = Non-inter-level travel time spent in this place.
 C = Inter-level travel time spent in this place.
 D = Time resting spent in this place.
 E = Time spent auto-exploring this place.
 F = Levels seen in this place.
 G = Mean time per level.
                   A        B        C        D        E       F      G
               +--------+--------+--------+--------+--------+-----+--------+
         Total |    968 |    961 |      7 |    107 |    658 |   2 |  484.0 |
       Dungeon |    968 |    961 |      7 |    107 |    658 |   2 |  484.0 |
               +--------+--------+--------+--------+--------+-----+--------+

Top non-repeatable levels by time:
     D:1: 680 daAuts
     D:2: 288 daAuts
